 Dungeon Sprint DCSS version 0.23-a0-488-g5fd82c5 (webtiles) character file.

252 JosiahThimblerig the Fighter (level 6, 0/67 HPs)
             Began as a Hill Orc Abyssal Knight on Dec 1, 2018.
             Was a Believer of Lugonu.
             Slain by a slime creature (10 damage)
             ... in the Dungeon (Sprint I: "Red Sonja").
             The game lasted 00:04:32 (577 turns).

JosiahThimblerig the Fighter (HOAK)                  Turns: 577, Time: 00:04:33

Health: 0/67       AC: 10    Str: 15    XL:     6   Next: 13%
Magic:  9/9        EV:  7    Int: 12    God:    Lugonu [**....]
Gold:   162        SH:  0    Dex: 12    Spells: 5/5 levels left

rFire    . . .     SeeInvis .   a - +1 falchion
rCold    + . .     Gourm    .   (no shield)
rNeg     . . .     Faith    .   l - +0 chain mail {rC+}
rPois    .         Spirit   .   (no helmet)
rElec    .         Reflect  .   (no cloak)
rCorr    .         Harm     .   (no gloves)
MR       .....     NoTele   +   (no boots)
Stlth    ..........             (no amulet)
HPRegen  0.21/turn              (no ring)
MPRegen  0.11/turn              (no ring)

@: no status effects
A: no striking features
a: Bend Space, Renounce Religion


You were in the Dungeon.
You worshipped Lugonu.
Lugonu was pleased with you.
You were not hungry.

You visited 1 branch You collected 162 gold pieces.

Inventory:

Hand Weapons
 a - a +1 falchion (weapon)
 m - a +0 club
 n - a +0 giant spiked club
 o - a +0 scythe
Armour
 b - a +0 leather armour
 l - a +0 chain mail of cold resistance (worn)
 p - a +2 robe
Wands
 j - a wand of digging (6)
Scrolls
 i - a scroll of blinking
Potions
 d - a potion of curing
 e - a potion of heal wounds
 f - a potion of haste
 g - 2 potions of magic
 h - a potion of berserk rage
Comestibles
 c - a ration
 k - 2 chunks of flesh


   Skills:
 + Level 10.6 Fighting
 + Level 6.4 Long Blades
 + Level 5.9 Armour
 + Level 2.6 Dodging
 + Level 4.9 Invocations


You had 5 spell levels left.
You didn't know any spells.
Your spell library was empty.

Dungeon Overview and Level Annotations

Branches:
Dungeon (1/1)

Altars:
Makhleb
Xom
Jiyva
Lugonu


Message History

The slime creature hits you.
You completely miss the slime creature.
The slime creature is moderately wounded.
The slime creature hits you but does no damage.
You barely miss the slime creature.
The slime creature is moderately wounded.
The slime creature hits you but does no damage.
You hit the slime creature.
The slime creature is moderately wounded.
The slime creature hits you!
* * * LOW HITPOINT WARNING * * *
You hit the slime creature but do no damage.
The slime creature is moderately wounded.
The slime creature hits you.
* * * LOW HITPOINT WARNING * * *
Unknown command.
You slash the slime creature!
The slime creature is moderately wounded.
The slime creature hits you!
You die...

###################
#<.#..'..#..'..#__#
#..'..#..'÷.#..@J.+
#..#####'#####+#__#
#..# #..# ### #..#
#### #..# #⌠⌠# ####


You could see a slime creature.

Vanquished Creatures
  Sigmund (D)
  An ogre (D)
  Ijyb (D)
3 creatures vanquished.

Notes
Turn   | Place    | Note
-------+----------+-------------------------------------------
     0 | D        | JosiahThimblerig the Hill Orc Abyssal Knight began the
                  | quest for the Orb.
     0 | D        | Reached XP level 1. HP: 19/19 MP: 2/2
     1 | D        | Noticed Ijyb
    37 | D        | Killed Ijyb
    37 | D        | Reached skill level 6 in Fighting
    37 | D        | Reached skill level 1 in Dodging
    37 | D        | Reached XP level 2. HP: 17/31 MP: 2/4
    37 | D        | Reached XP level 3. HP: 21/38 MP: 2/5
   188 | D        | Noticed an ogre
   198 | D        | Killed an ogre
   198 | D        | Reached ** piety under Lugonu
   198 | D        | Reached skill level 8 in Fighting
   198 | D        | Reached XP level 4. HP: 14/49 MP: 5/7
   421 | D        | Noticed Sigmund
   439 | D        | Killed Sigmund
   439 | D        | Reached skill level 10 in Fighting
   439 | D        | Reached skill level 5 in Armour
   439 | D        | Reached XP level 5. HP: 35/59 MP: 8/8
   439 | D        | Reached XP level 6. HP: 40/67 MP: 9/9
   565 | D        | Found a burning altar of Makhleb.
   565 | D        | Found a viscous altar of Jiyva.
   565 | D        | Found a shimmering altar of Xom.
   565 | D        | Found a corrupted altar of Lugonu.
   565 | D        | Noticed a slime creature
   577 | D        | Slain by a slime creature

Vault maps used:
D:        dungeon_sprint_1

Skill      XL: |  1  2  3  4 |
---------------+-------------+-----
Fighting       | 6 8 10 | 10.6
Long Blades    | 3 4 6 |  6.4
Armour         | 3 4 5 |  5.9
Dodging        | 1 2 |  2.6
Invocations    | 3 4 |  4.9

Action                   |  1- 3 |  4- 6 || total
-------------------------+-------+-------++-------
Melee: Falchion          |    44 |    28 ||    72
Armor: Leather armour    |     8 |       ||     8
       Chain mail        |     1 |     8 ||     9
Dodge: Dodged            |    25 |     3 ||    28
       Rpst.: Falchion   |     8 |     1 ||     9

Table legend:
 A = Non-vault XP
 B = Vault XP
 C = Vault XP percentage of total XP
 D = Non-vault monster count
 E = Vault monster count
 F = Vault count percentage of total count
                 A         B        C        D         E       F
            +---------+---------+-------+---------+---------+-------
      Total |       0 |     360 | 100.0 |       0 |       3 | 100.0
            +---------+---------+-------+---------+---------+-------
          D |       0 |     360 | 100.0 |       0 |       3 | 100.0
            +---------+---------+-------+---------+---------+-------
